 Dungeon Crawl Stone Soup version 0.23-a0-143-g1adec7b (webtiles) character file.

7 Amnesiac the Charlatan (level 1, 0/15 HPs)
             Began as a Mummy Artificer on Sept 1, 2018.
             Slain by a leopard gecko (5 damage)
             ... on level 1 of the Dungeon.
             The game lasted 00:00:26 (319 turns).

Amnesiac the Charlatan (Mummy Artificer)             Turns: 319, Time: 00:00:26

Health: 0/15       AC:  3    Str: 15    XL:     1   Next: 83%
Magic:  2/2        EV: 11    Int: 10    God:
Gold:   0          SH:  0    Dex: 12    Spells: 0/0 levels left

rFire    x . .     SeeInvis .   a - +0 short sword
rCold    + . .     Gourm    .   (no shield)
rNeg     + + +     Faith    .   b - +0 leather armour
rPois    ∞         Spirit   .   (no helmet)
rElec    .         Reflect  .   (no cloak)
rCorr    .         Harm     .   (no gloves)
MR       .....                  (no boots)
Stlth    +.........             (no amulet)
HPRegen  0.05/turn              (no ring)
MPRegen  0.08/turn              (no ring)

@: no status effects
A: no food or potions, fire vulnerability, cold resistance 1, negative energy
resistance 3, torment resistance, unbreathing
a: no special abilities


You were on level 1 of the Dungeon.
You were not hungry.

You visited 1 branch of the dungeon, and saw 2 of its levels.

Inventory:

Hand Weapons
 a - a +0 short sword (weapon)
Armour
 b - a +0 leather armour (worn)
Wands
 c - a wand of flame (15)
 d - a wand of enslavement (15)
 e - a wand of random effects (12)


   Skills:
 - Level 1.0 Fighting
 - Level 0.7 Short Blades
 - Level 1.5 Dodging
 - Level 0.7 Stealth
 + Level 2.8 Evocations


You couldn't memorise any spells.
You didn't know any spells.
Your spell library was empty.

Dungeon Overview and Level Annotations

Branches:
Dungeon (2/15)

Altars:


Innate Abilities, Weirdness & Mutations

You do not eat or drink.
Your flesh is vulnerable to fire.
You are immune to poison.
Your flesh is cold resistant. (rC+)
You are immune to negative energy. (rN+++)
You are immune to unholy pain and torment.
You can survive without breathing.


Message History

You hit the hobgoblin.
The hobgoblin is almost dead.
The hobgoblin hits you but does no damage.
You completely miss the hobgoblin.
The hobgoblin is almost dead.
The hobgoblin barely misses you.
You hit the hobgoblin.
You kill the hobgoblin!
You hit the rat.
You kill the rat!
The dart slug launches a dart at you. The slug dart hits you!
* * * LOW HITPOINT WARNING * * *
Things that are here:
a rat corpse; a hobgoblin corpse x2
Evoke which item? (* to show all) (? for menu, Esc to quit)
Aiming: Random Effects
Press: ? - help, Shift-Dir - straight line, f - dart slug
Aim: a dart slug (clinging)
The dart slug flickers and vanishes!
Deactivating autopickup; reactivate with Ctrl-A.
Evoke which item? (* to show all) (? for menu, Esc to quit)
Aiming: Random Effects
Press: ? - help, Shift-Dir - straight line The fireball explodes!
The fireball engulfs something.
Evoke which item? (* to show all) (? for menu, Esc to quit)
Aiming: Random Effects
Press: ? - help, Shift-Dir - straight line The puff of frost hits something.
Reactivating autopickup.
You feel a bit more experienced.
You start resting.
A leopard gecko comes into view.
You start resting.
HP restored.
You start resting.
HP restored.
Things that are here:
a rat skeleton; a hobgoblin skeleton x2
The leopard gecko is too close now for your liking.
A leopard gecko is nearby!
A leopard gecko is nearby!
A leopard gecko is nearby!
There is a stone staircase leading down here.
You climb downwards.
A rat, 2 jackals and a kobold come into view.
There is a stone staircase leading up here.
The jackal barks!
The rat bites you.
You barely miss the rat. The rat bites you but does no damage.
A rat comes into view.
There is a stone staircase leading up here.
The rat bites you. The jackal barely misses you.
You climb upwards.
The leopard gecko barely misses you. The leopard gecko bites you.
There is a stone staircase leading down here.
You hit the rat.
You kill the rat!
The leopard gecko bites you.
You hit the leopard gecko but do no damage.
The leopard gecko bites you.
* * * LOW HITPOINT WARNING * * *
The leopard gecko bites you.
You die...

######### ##.....#
#.......# #.#8≈8#.
#......[# #.#≈≈≈#.
##.......# #.#8≈8#.
#........# #.#≈≈≈#.
#........# #.#8≈8#.
#####?.......#
##.....#
.............# ###%###
......l@.##########..#
########...÷........##
###########.## #.# #.#
#.# #.# #.# #.#


You could see a leopard gecko.

Vanquished Creatures
  A dart slug (D:1)
  2 hobgoblins (D:1)
  2 rats (D:1)
5 creatures vanquished.

Notes
Turn   | Place    | Note
-------+----------+-------------------------------------------
     0 | D:1      | Amnesiac the Mummy Artificer began the quest for the Orb.
     0 | D:1      | Reached XP level 1. HP: 15/15 MP: 2/2
   319 | D:1      | Slain by a leopard gecko

Vault maps used:
D:1:      lightli_arrival_statue_moat
D:2:      chequers_ecumenical_altar_lobes, columned_hall_lemuel,
          minmay_joined_circles

Action                   || total
-------------------------++-------
Melee: Short sword       ||    26
Evoke: Wand              ||     3
Armor: Leather armour    ||     7
Dodge: Dodged            ||    14

Table legend:
 A = Non-vault XP
 B = Vault XP
 C = Vault XP percentage of total XP
 D = Non-vault monster count
 E = Vault monster count
 F = Vault count percentage of total count
                 A         B        C        D         E       F
            +---------+---------+-------+---------+---------+-------
      Total |      10 |       0 |   0.0 |       5 |       0 |   0.0
            +---------+---------+-------+---------+---------+-------
        D:1 |      10 |       0 |   0.0 |       5 |       0 |   0.0
            +---------+---------+-------+---------+---------+-------
